| TOP OF THE 1ST |
|
Washington State University Cougars batting - Pitching for Wichita State University Shockers : LHP Frank Cota
|
|
Pitching: LHP Frank Cota
|
|
|
Batting: RHB Gebre-Giorgios Wangondu
|
0-0: Called Strike 0-1: Ground out 4-3 (Groundball, 4, EV 81.2 MPH)
|
|
Batting: RHB Melvin Durland
|
0-0: Foul Ball, location: 2F 0-1: Ball 1-1: Foul Ball, location: 2F 1-2: Ball 2-2: Foul Ball, location: 2F 2-2: Foul Ball, location: 2F 2-2: Ball 3-2: Fly out, F8 (Flyball, 89D, EV 76.9 MPH)
|
|
Batting: SHB Salvador Padilla
|
0-0: Swinging Strike 0-1: Ball 1-1: Called Strike 1-2: Ball 2-2: Ground out 5-3 (Groundball, 56, EV 90.6 MPH)
|
| Top of the 1st over - 0 runs, 0 hits, 0 errors, 0 left on base; Washington State University 0 - Wichita State University 0 |
| BOTTOM OF THE 1ST |
|
Wichita State University Shockers batting - Pitching for Washington State University Cougars : RHP Jalen Young
|
|
Pitching: RHP Jalen Young
|
|
|
Batting: RHB Jonathan Iniguez
|
0-0: Called Strike 0-1: Swinging Strike 0-2: Ground out 6-3 (Groundball, 6M, EV 85.0 MPH)
|
|
Batting: RHB Taffounnout Kame
|
0-0: Called Strike 0-1: Called Strike 0-2: Ground out 3-1 (Groundball, 34S, EV 88.1 MPH)
|
|
Batting: RHB Zach Maguire
|
0-0: Called Strike 0-1: Ball 1-1: Ball 2-1: Ball 3-1: Base on Balls
|
|
Batting: LHB Sam Williams
|
0-0: Called Strike 0-1: Swinging Strike 0-2: Foul Ball, location: 2F 0-2: Ball 1-2: Foul Ball, location: 2F 1-2: Ball 2-2: Ground out 1-3 (Groundball, 15, EV 72.5 MPH)
|
| Bottom of the 1st over - 0 runs, 0 hits, 0 errors, 1 left on base; Washington State University 0 - Wichita State University 0 |
| TOP OF THE 2ND |
|
Washington State University Cougars batting - Pitching for Wichita State University Shockers : LHP Frank Cota
|
|
Batting: LHB Josh Aerni
|
0-0: Ball 1-0: SINGLE (Groundball, 23, EV 69.4 MPH) (infield hit)
|
|
Batting: RHB Makoto Narita
|
0-0: Foul Ball, location: 2F 0-1: Ball 1-1: Ball 2-1: Swinging Strike 2-2: Grounds into double play, 6-4-3 (Groundball, 56, EV 106.9 MPH)
|
|
Batting: SHB Steve DeRienzo
|
0-0: Called Strike 0-1: Called Strike 0-2: Foul Ball, location: 2F 0-2: Ball 1-2: Ball 2-2: Foul Ball, location: 2F 2-2: Fly out, F8 (Line Drive, 8RD, EV 87.5 MPH)
|
| Top of the 2nd over - 0 runs, 1 hit, 0 errors, 0 left on base; Washington State University 0 - Wichita State University 0 |
| BOTTOM OF THE 2ND |
|
Wichita State University Shockers batting - Pitching for Washington State University Cougars : RHP Jalen Young
|
|
Batting: RHB Alex Campos
|
0-0: Ball 1-0: Ball 2-0: Foul Ball, location: 2F 2-1: Ball 3-1: Fly out, F7 (Flyball, 7, EV 90.6 MPH)
|
|
Batting: RHB Kieron Clark
|
0-0: Ball 1-0: SINGLE (Line Drive, 78M, EV 93.8 MPH)
|
|
Batting: SHB Houston Phillips
|
0-0: Ball 1-0: Ball 2-0: Called Strike 2-1: Foul Ball, location: 2F 2-2: Hit by Pitch Kieron Clark to second
|
|
Batting: RHB Yutaka Yamane
|
0-0: Called Strike 0-1: Fly out, F7 (Flyball, 78D, EV 107.5 MPH)
|
|
Batting: RHB Victor Ramirez
|
0-0: Foul Ball, location: 2F 0-1: Ball 1-1: Foul Ball, location: 2F 1-2: Fly out, F4 (Popup, 4S, EV 82.5 MPH)
|
| Bottom of the 2nd over - 0 runs, 1 hit, 0 errors, 2 left on base; Washington State University 0 - Wichita State University 0 |
| TOP OF THE 3RD |
|
Washington State University Cougars batting - Pitching for Wichita State University Shockers : LHP Frank Cota
|
|
Batting: RHB David Martin
|
0-0: Ball 1-0: DOUBLE (Line Drive, 78D, EV 104.4 MPH)
|
|
Batting: RHB Nick Deegan
|
0-0: Called Strike 0-1: Foul Ball, location: 2F 0-2: Ball 1-2: Foul Ball, location: 2F 1-2: Fly out, F7 (Flyball, 78M, EV 91.2 MPH)
|
|
Batting: RHB Alex Arzate
|
0-0: Fly out, F4 (Flyball, 4D, EV 76.2 MPH)
|
|
Batting: RHB Gebre-Giorgios Wangondu
|
0-0: Called Strike 0-1: Ball 1-1: Foul Ball, location: 2F 1-2: Foul Ball, location: 2F 1-2: Fly out, F9 (Flyball, 9D, EV 97.5 MPH)
|
| Top of the 3rd over - 0 runs, 1 hit, 0 errors, 1 left on base; Washington State University 0 - Wichita State University 0 |
| BOTTOM OF THE 3RD |
|
Wichita State University Shockers batting - Pitching for Washington State University Cougars : RHP Jalen Young
|
|
Batting: RHB Jonathan Iniguez
|
0-0: Called Strike 0-1: Called Strike 0-2: Ball 1-2: Strikes out swinging
|
|
Batting: RHB Taffounnout Kame
|
0-0: Ground out 5-3 (Groundball, 56, EV 77.5 MPH)
|
|
Batting: RHB Zach Maguire
|
0-0: Fly out, F8 (Line Drive, 8LM, EV 98.8 MPH)
|
| Bottom of the 3rd over - 0 runs, 0 hits, 0 errors, 0 left on base; Washington State University 0 - Wichita State University 0 |
| TOP OF THE 4TH |
|
Washington State University Cougars batting - Pitching for Wichita State University Shockers : LHP Frank Cota
|
|
Batting: RHB Melvin Durland
|
0-0: Called Strike 0-1: Fly out, F9 (Flyball, 9, EV 95.0 MPH)
|
|
Batting: SHB Salvador Padilla
|
0-0: Swinging Strike 0-1: Ball 1-1: Ball 2-1: Ball 3-1: Foul Ball, location: 2F 3-2: DOUBLE (Line Drive, 78D, EV 101.2 MPH)
|
|
Batting: LHB Josh Aerni
|
0-0: Swinging Strike 0-1: Foul Ball, location: 2F 0-2: Foul Ball, location: 2F 0-2: Ball 1-2: Fly out, F3 (Popup, 3SF, EV 80.6 MPH)
|
|
Batting: RHB Makoto Narita
|
0-0: Called Strike 0-1: Called Strike 0-2: Ball 1-2: Foul Ball, location: 2F 1-2: Ball 2-2: Foul Ball, location: 2F 2-2: Ball 3-2: SINGLE (Groundball, 56D, EV 103.8 MPH) Salvador Padilla to third Runner from 3rd tries for Home, SAFE, throw by LF to home Makoto Narita to second
|
|
Batting: SHB Steve DeRienzo
|
0-0: Swinging Strike 0-1: Ball 1-1: Foul Ball, location: 2F 1-2: Foul Ball, location: 2F 1-2: Ball 2-2: Fly out, F9 (Flyball, 9, EV 94.4 MPH)
|
| Top of the 4th over - 1 run, 2 hits, 0 errors, 1 left on base; Washington State University 1 - Wichita State University 0 |
| BOTTOM OF THE 4TH |
|
Wichita State University Shockers batting - Pitching for Washington State University Cougars : RHP Jalen Young
|
|
Batting: LHB Sam Williams
|
0-0: SINGLE (Groundball, 34D, EV 102.5 MPH)
|
|
Batting: RHB Alex Campos
|
0-0: Swinging Strike 0-1: Swinging Strike 0-2: Foul Ball, location: 2F 0-2: Ball 1-2: Ball 2-2: Foul Ball, location: 2F 2-2: Strikes out swinging
|
|
Batting: RHB Kieron Clark
|
0-0: Called Strike 0-1: Ball 1-1: Ball 2-1: Fly out, F9 (Flyball, 9, EV 81.9 MPH)
|
|
Batting: SHB Houston Phillips
|
0-0: Ball 1-0: Fly out, F7 (Line Drive, 7D, EV 91.9 MPH)
|
| Bottom of the 4th over - 0 runs, 1 hit, 0 errors, 1 left on base; Washington State University 1 - Wichita State University 0 |
| TOP OF THE 5TH |
|
Washington State University Cougars batting - Pitching for Wichita State University Shockers : LHP Frank Cota
|
|
Batting: RHB David Martin
|
0-0: Ball 1-0: Fly out, F7 (Flyball, 78D, EV 90.0 MPH)
|
|
Batting: RHB Nick Deegan
|
0-0: Ball 1-0: Foul Ball, location: 2F 1-1: Foul Ball, location: 2F 1-2: Ground out 4-3 (Groundball, 4, EV 88.1 MPH)
|
|
Batting: RHB Alex Arzate
|
0-0: Ground out 6-3 (Groundball, 6, EV 99.4 MPH)
|
| Top of the 5th over - 0 runs, 0 hits, 0 errors, 0 left on base; Washington State University 1 - Wichita State University 0 |
| BOTTOM OF THE 5TH |
|
Wichita State University Shockers batting - Pitching for Washington State University Cougars : RHP Jalen Young
|
|
Batting: RHB Yutaka Yamane
|
0-0: Ball 1-0: Ball 2-0: Ball 3-0: Called Strike 3-1: Base on Balls
|
|
Batting: RHB Victor Ramirez
|
0-0: Ball 1-0: Called Strike 1-1: Ball 2-1: Swinging Strike 2-2: Ball 3-2: Grounds into double play, 4-6-3 (Groundball, 34, EV 92.5 MPH)
|
|
Batting: RHB Jonathan Iniguez
|
0-0: Foul Ball, location: 2F 0-1: Ball 1-1: Ball 2-1: Foul Ball, location: 2F 2-2: SINGLE (Groundball, 4D, EV 106.2 MPH)
|
|
Batting: RHB Taffounnout Kame
|
0-0: Foul Ball, location: 2F 0-1: Fly out, F7 (Flyball, 7S, EV 82.5 MPH)
|
| Bottom of the 5th over - 0 runs, 1 hit, 0 errors, 1 left on base; Washington State University 1 - Wichita State University 0 |
| TOP OF THE 6TH |
|
Washington State University Cougars batting - Pitching for Wichita State University Shockers : LHP Frank Cota
|
|
Pitching: RHP Dustin Nichols
|
|
|
Batting: RHB Gebre-Giorgios Wangondu
|
0-0: Foul Ball, location: 2F 0-1: Ball 1-1: Ball 2-1: Ball 3-1: Ground out 4-3 (Groundball, 4, EV 81.2 MPH)
|
|
Batting: RHB Melvin Durland
|
0-0: Foul Ball, location: 2F 0-1: Fly out, F8 (Flyball, 8LD, EV 105.0 MPH)
|
|
Batting: SHB Salvador Padilla
|
0-0: Fly out, F6 (Flyball, 56D, EV 90.6 MPH)
|
| Top of the 6th over - 0 runs, 0 hits, 0 errors, 0 left on base; Washington State University 1 - Wichita State University 0 |
| BOTTOM OF THE 6TH |
|
Wichita State University Shockers batting - Pitching for Washington State University Cougars : RHP Jalen Young
|
|
Batting: RHB Zach Maguire
|
0-0: Foul Ball, location: 2F 0-1: Ball 1-1: Swinging Strike 1-2: Strikes out looking
|
|
Pitching: RHP Jonathan Fritzinger
|
|
|
Batting: LHB Sam Williams
|
0-0: Ball 1-0: Ball 2-0: Foul Ball, location: 2F 2-1: Foul Ball, location: 2F 2-2: Ball 3-2: Foul Ball, location: 2F 3-2: Foul Ball, location: 2F 3-2: Foul Ball, location: 2F 3-2: SINGLE (Groundball, 3D, EV 99.4 MPH)
|
|
Batting: RHB Alex Campos
|
0-0: Ball 1-0: Foul Ball, location: 2F 1-1: Ball 2-1: Fly out, F9 (Line Drive, 9D, EV 101.9 MPH)
|
|
Batting: RHB Kieron Clark
|
0-0: Called Strike 0-1: Foul Ball, location: 2F 0-2: Ball 1-2: Foul Ball, location: 2F 1-2: Strikes out swinging
|
| Bottom of the 6th over - 0 runs, 1 hit, 0 errors, 1 left on base; Washington State University 1 - Wichita State University 0 |
| TOP OF THE 7TH |
|
Washington State University Cougars batting - Pitching for Wichita State University Shockers : RHP Dustin Nichols
|
|
Batting: LHB Josh Aerni
|
0-0: Foul Ball, location: 2F 0-1: Ball 1-1: Called Strike 1-2: DOUBLE (Line Drive, 9LM, EV 95.6 MPH)
|
|
Batting: RHB Makoto Narita
|
0-0: Intentional Walk
|
|
Batting: SHB Steve DeRienzo
|
0-0: Called Strike 0-1: Fly out, F8 (Flyball, 78D, EV 89.4 MPH)
|
|
Batting: RHB David Martin
|
0-0: Foul Ball, location: 2F 0-1: Foul Ball, location: 2F 0-2: Ball 1-2: Foul Ball, location: 2F 1-2: Fly out, F8 (Flyball, 8RD, EV 94.4 MPH)
|
|
Batting: RHB Nick Deegan
|
0-0: Ball 1-0: Called Strike 1-1: Foul Ball, location: 2F 1-2: Ball 2-2: Ground out 4-3 (Groundball, 4, EV 104.4 MPH)
|
| Top of the 7th over - 0 runs, 1 hit, 0 errors, 2 left on base; Washington State University 1 - Wichita State University 0 |
| BOTTOM OF THE 7TH |
|
Wichita State University Shockers batting - Pitching for Washington State University Cougars : RHP Jonathan Fritzinger
|
|
Batting: SHB Houston Phillips
|
0-0: Ball 1-0: Ball 2-0: Ball 3-0: Called Strike 3-1: Base on Balls
|
|
Pinch Hitting: SHB Nadhir Umayr
|
0-0: Called Strike 0-1: Ball 1-1: Ball 2-1: Swinging Strike 2-2: Ball Pickoff Throw by Catcher to First - Out! 3-2: Foul Ball, location: 2F 3-2: Foul Ball, location: 2F 3-2: Strikes out swinging
|
|
Batting: RHB Victor Ramirez
|
0-0: Ball 1-0: Foul Ball, location: 2F 1-1: Called Strike 1-2: Ball 2-2: Strikes out swinging
|
| Bottom of the 7th over - 0 runs, 0 hits, 0 errors, 0 left on base; Washington State University 1 - Wichita State University 0 |
| TOP OF THE 8TH |
|
Washington State University Cougars batting - Pitching for Wichita State University Shockers : RHP Dustin Nichols
|
|
Pitching: RHP Eric Patrick
|
|
|
Now in CF: Manny Hensley
|
|
|
Batting: RHB Alex Arzate
|
0-0: Fly out, F7 (Flyball, 78D, EV 96.9 MPH)
|
|
Batting: RHB Gebre-Giorgios Wangondu
|
0-0: Ball 1-0: Ball 2-0: Fly out, F8 (Line Drive, 8RD, EV 96.9 MPH)
|
|
Batting: RHB Melvin Durland
|
0-0: Called Strike 0-1: Foul Ball, location: 2F 0-2: Ball 1-2: Fly out, F8 (Flyball, 8RXD, EV 78.8 MPH)
|
| Top of the 8th over - 0 runs, 0 hits, 0 errors, 0 left on base; Washington State University 1 - Wichita State University 0 |
| BOTTOM OF THE 8TH |
|
Wichita State University Shockers batting - Pitching for Washington State University Cougars : RHP Jonathan Fritzinger
|
|
Pitching: RHP Juan Luna
|
|
|
Batting: RHB Jonathan Iniguez
|
0-0: Ground out 6-3 (Groundball, 56, EV 76.9 MPH)
|
|
Pinch Hitting: LHB Dong-u Chang
|
0-0: Ball 1-0: Called Strike 1-1: Fly out, F6 (Popup, 6M, EV 56.2 MPH)
|
|
Batting: RHB Zach Maguire
|
0-0: Called Strike 0-1: Called Strike 0-2: SOLO HOME RUN (Flyball, 78XD, EV 110.6 MPH), Distance : 431 ft
|
|
Batting: LHB Sam Williams
|
0-0: Ball 1-0: Ball 2-0: Called Strike 2-1: Foul Ball, location: 2F 2-2: Ball 3-2: Ground out 4-3 (Groundball, 4, EV 88.1 MPH)
|
| Bottom of the 8th over - 1 run, 1 hit, 0 errors, 0 left on base; Washington State University 1 - Wichita State University 1 |
| TOP OF THE 9TH |
|
Washington State University Cougars batting - Pitching for Wichita State University Shockers : RHP Eric Patrick
|
|
Now in RF: Steve LeGrand
|
|
|
Batting: SHB Salvador Padilla
|
0-0: Ball 1-0: Ball 2-0: Foul Ball, location: 2F 2-1: Ball 3-1: Base on Balls
|
|
Batting: LHB Josh Aerni
|
0-0: Called Strike 0-1: Swinging Strike 0-2: Ball 1-2: Foul Ball, location: 2F 1-2: Foul Ball, location: 2F 1-2: Ball 2-2: Strikes out swinging
|
|
Batting: RHB Makoto Narita
|
0-0: Ball 1-0: Ball 2-0: Fielders Choice at 2nd, 4-6 (Groundball, 4, EV 104.4 MPH)
|
|
Batting: SHB Steve DeRienzo
|
0-0: Ball 1-0: Foul Ball, location: 2F 1-1: Foul Ball, location: 2F 1-2: Foul Ball, location: 2F 1-2: Foul Ball, location: 2F 1-2: Fly out, F8 (Line Drive, 8LD, EV 93.8 MPH)
|
| Top of the 9th over - 0 runs, 0 hits, 0 errors, 1 left on base; Washington State University 1 - Wichita State University 1 |
| BOTTOM OF THE 9TH |
|
Wichita State University Shockers batting - Pitching for Washington State University Cougars : RHP Juan Luna
|
|
Batting: RHB Alex Campos
|
0-0: Swinging Strike 0-1: Ball 1-1: Fly out, F3 (Popup, 3F, EV 71.2 MPH)
|
|
Batting: RHB Kieron Clark
|
0-0: Ball 1-0: Ground out 6-3 (Groundball, 6, EV 88.1 MPH)
|
|
Pinch Hitting: RHB Jason Baldwin
|
0-0: Fly out, F8 (Flyball, 8RD, EV 102.5 MPH)
|
| Bottom of the 9th over - 0 runs, 0 hits, 0 errors, 0 left on base; Washington State University 1 - Wichita State University 1 |
| TOP OF THE 10TH |
|
Washington State University Cougars batting - Pitching for Wichita State University Shockers : RHP Eric Patrick
|
|
Pitching: LHP Dzintars Balodis
|
|
|
Now at 2B: Jason Baldwin
|
|
|
Now at SS: Kieron Clark
|
|
|
Batting: RHB David Martin
|
0-0: Swinging Strike 0-1: Swinging Strike 0-2: Foul Ball, location: 2F 0-2: Ball 1-2: Ball 2-2: Strikes out looking
|
|
Batting: RHB Nick Deegan
|
0-0: Ball 1-0: Ball 2-0: Ball 3-0: Base on Balls
|
|
Pinch Hitting: RHB Larry Martell
|
0-0: Called Strike 0-1: Ball 1-1: Ball 2-1: Ball 3-1: Foul Ball, location: 2F 3-2: Foul Ball, location: 2F 3-2: Strikes out swinging
|
|
Batting: RHB Gebre-Giorgios Wangondu
|
Pickoff Throw to First - Out! 1-3
|
| Top of the 10th over - 0 runs, 0 hits, 0 errors, 0 left on base; Washington State University 1 - Wichita State University 1 |
| BOTTOM OF THE 10TH |
|
Wichita State University Shockers batting - Pitching for Washington State University Cougars : RHP Juan Luna
|
|
Pitching: LHP Quadir Dade
|
|
|
Now at SS: Alex Koral
|
|
|
Batting: RHB Manny Hensley
|
0-0: Ball 1-0: Ground out 6-3 (Groundball, P, EV 89.4 MPH)
|
|
Pinch Hitting: RHB Nick Gossman
|
0-0: Ball 1-0: Ball 2-0: Ground out 6-3 (Groundball, 6S, EV 65.0 MPH)
|
|
Batting: RHB Jonathan Iniguez
|
0-0: Foul Ball, location: 2F 0-1: Ball 1-1: Ball 2-1: Ball 3-1: SINGLE (Groundball, 56S, EV 68.1 MPH) (infield hit)
|
|
Batting: LHB Steve LeGrand
|
0-0: Ball 1-0: Ball 2-0: Ball 3-0: Called Strike 3-1: Base on Balls Jonathan Iniguez to second
|
|
Batting: RHB Zach Maguire
|
0-0: Called Strike 0-1: Ball 1-1: Ground out 5-3 (Groundball, 56S, EV 83.1 MPH)
|
| Bottom of the 10th over - 0 runs, 1 hit, 0 errors, 2 left on base; Washington State University 1 - Wichita State University 1 |
| TOP OF THE 11TH |
|
Washington State University Cougars batting - Pitching for Wichita State University Shockers : LHP Dzintars Balodis
|
|
Pitching: RHP Jeremy Delka
|
|
|
Now at C: Nick Gossman
|
|
|
Batting: RHB Gebre-Giorgios Wangondu
|
0-0: Ball 1-0: Ball 2-0: Called Strike 2-1: Foul Ball, location: 2F 2-2: Ball 3-2: Fly out, F4 (Flyball, 34D, EV 83.8 MPH)
|
|
Batting: RHB Melvin Durland
|
0-0: Ball 1-0: Foul Ball, location: 2F 1-1: Ball 2-1: Ground out 4-3 (Groundball, 4MD, EV 95.0 MPH)
|
|
Batting: SHB Salvador Padilla
|
0-0: Foul Ball, location: 2F 0-1: SOLO HOME RUN (Line Drive, 9LD, EV 96.9 MPH), Distance : 358 ft
|
|
Pitching: RHP Mark Fedor
|
|
|
Batting: LHB Josh Aerni
|
0-0: Ball 1-0: Ball 2-0: DOUBLE (Line Drive, 9LS, EV 93.8 MPH)
|
|
Batting: RHB Makoto Narita
|
0-0: Ball 1-0: Ball 2-0: Foul Ball, location: 2F 2-1: Foul Ball, location: 2F 2-2: Ball 3-2: Ground out 6-3 (Groundball, 6, EV 81.2 MPH)
|
| Top of the 11th over - 1 run, 2 hits, 0 errors, 1 left on base; Washington State University 2 - Wichita State University 1 |
| BOTTOM OF THE 11TH |
|
Wichita State University Shockers batting - Pitching for Washington State University Cougars : LHP Quadir Dade
|
|
Pitching: RHP Nate Woodard
|
|
|
Now at 3B: Sam Callahan
|
|
|
Batting: LHB Sam Williams
|
0-0: Ball 1-0: Called Strike 1-1: Ball 2-1: Ground out 4-3 (Groundball, 4D, EV 108.8 MPH)
|
|
Batting: RHB Alex Campos
|
0-0: Ball 1-0: Ball 2-0: Ball 3-0: Called Strike 3-1: Base on Balls
|
|
Batting: RHB Kieron Clark
|
0-0: Called Strike 0-1: Swinging Strike 0-2: Strikes out swinging
|
|
Batting: RHB Jason Baldwin
|
0-0: Fly out, F9 (Flyball, 9LM, EV 90.6 MPH)
|
| Bottom of the 11th over - 0 runs, 0 hits, 0 errors, 1 left on base; Washington State University 2 - Wichita State University 1 |
|